R - U22
GILBERT GECKOS @ OVIEDO CATCH
06/28/2052
 
TOP OF THE 1ST
Florence Swordfish batting - Pitching for Yuma Gnomes : RHP José Carlos Feliz
Pitching: RHP José Carlos Feliz
Batting: RHB Andrew Honorable 0-0: SINGLE (Groundball, 34D, EV 103.1 MPH)
Batting: RHB Michael Bryant 0-0: SINGLE (Flyball, 78S, EV 93.1 MPH)
Andrew Honorable to second
Batting: RHB Roy Conklin 0-0: Called Strike
0-1: Fly out, F8 (Flyball, 78S, EV 95.6 MPH)
Batting: RHB Isaiah Ferullo 0-0: Ball
1-0: Called Strike
1-1: Ball
2-1: Swinging Strike
2-2: Strikes out looking
Batting: RHB Holmes Fussell 0-0: Called Strike
0-1: Swinging Strike
0-2: Strikes out swinging
Top of the 1st over - 0 runs, 2 hits, 0 errors, 2 left on base; Florence 0 - Yuma 0
BOTTOM OF THE 1ST
Yuma Gnomes batting - Pitching for Florence Swordfish : RHP Dylan Beamer
Pitching: RHP Dylan Beamer
Batting: RHB Jason Marder 0-0: Called Strike
0-1: Swinging Strike
0-2: Strikes out swinging
Batting: RHB Loren Reed 0-0: Called Strike
0-1: Foul Ball, location: 2F
0-2: Ball
1-2: Strikes out swinging
Batting: RHB Roman De Gama 0-0: Ball
1-0: Ball
2-0: Called Strike
2-1: Called Strike
2-2: Foul Ball, location: 2F
2-2: Foul Ball, location: 2F
2-2: Strikes out swinging
Bottom of the 1st over - 0 runs, 0 hits, 0 errors, 0 left on base; Florence 0 - Yuma 0
TOP OF THE 2ND
Florence Swordfish batting - Pitching for Yuma Gnomes : RHP José Carlos Feliz
Batting: LHB Hunter Riddick 0-0: Ball
1-0: Called Strike
1-1: Ball
2-1: Fly out, F7 (Line Drive, 7, EV 104.4 MPH)
Batting: RHB Ben Barry 0-0: Called Strike
0-1: Ball
1-1: Swinging Strike
1-2: Strikes out swinging, 2-3 out at first.
Batting: RHB Yimaury Paz 0-0: Fly out, F8 (Flyball, 8RM, EV 91.2 MPH)
Top of the 2nd over - 0 runs, 0 hits, 0 errors, 0 left on base; Florence 0 - Yuma 0
BOTTOM OF THE 2ND
Yuma Gnomes batting - Pitching for Florence Swordfish : RHP Dylan Beamer
Batting: RHB Donald Brooks 0-0: Ball
1-0: Ground out 4-3 (Groundball, 13, EV 84.4 MPH)
Batting: LHB Melchor Poblano 0-0: Called Strike
0-1: Ball
1-1: Fly out, F5 (Popup, 56S, EV 80.6 MPH)
Batting: RHB Allen Thompson 0-0: Called Strike
0-1: Foul Ball, location: 2F
0-2: Strikes out looking
Bottom of the 2nd over - 0 runs, 0 hits, 0 errors, 0 left on base; Florence 0 - Yuma 0
TOP OF THE 3RD
Florence Swordfish batting - Pitching for Yuma Gnomes : RHP José Carlos Feliz
Batting: LHB Joaquin Lara 0-0: Ground out 5-3 (Groundball, 56, EV 103.1 MPH)
Batting: RHB Andrew Honorable 0-0: Called Strike
0-1: Fly out, F8 (Flyball, 8RD, EV 94.4 MPH)
Batting: RHB Michael Bryant 0-0: Called Strike
0-1: Fly out, F2 (Popup, 3SF, EV 87.5 MPH)
Top of the 3rd over - 0 runs, 0 hits, 0 errors, 0 left on base; Florence 0 - Yuma 0
BOTTOM OF THE 3RD
Yuma Gnomes batting - Pitching for Florence Swordfish : RHP Dylan Beamer
Batting: RHB Matt Gamble 0-0: Ball
1-0: Ball
2-0: Ball
3-0: Called Strike
3-1: Called Strike
3-2: Fly out, F7 (Flyball, 78S, EV 84.4 MPH)
Batting: RHB Jimar Rayford 0-0: Ball
1-0: Foul Ball, location: 2F
1-1: DOUBLE (Line Drive, 9LM, EV 94.4 MPH)
Batting: RHB Pablo Navarro 0-0: Swinging Strike
0-1: Ground out 4-3 (Groundball, 4M, EV 101.2 MPH)
Jimar Rayford to third
Batting: RHB Jason Marder 0-0: Fly out, F9 (Flyball, 89S, EV 76.2 MPH)
Bottom of the 3rd over - 0 runs, 1 hit, 0 errors, 1 left on base; Florence 0 - Yuma 0
TOP OF THE 4TH
Florence Swordfish batting - Pitching for Yuma Gnomes : RHP José Carlos Feliz
Batting: RHB Roy Conklin 0-0: Called Strike
0-1: Fly out, F7 (Flyball, 7D, EV 109.4 MPH)
Batting: RHB Isaiah Ferullo 0-0: Ball
1-0: Foul Ball, location: 2F
1-1: Ball
2-1: Ball
3-1: Base on Balls
Batting: RHB Holmes Fussell 0-0: SINGLE (Groundball, 34, EV 106.9 MPH) (infield hit)
Isaiah Ferullo to second
Batting: LHB Hunter Riddick 0-0: Swinging Strike
0-1: Foul Ball, location: 2F
0-2: SINGLE (Groundball, 34D, EV 106.9 MPH)
Isaiah Ferullo to third
Holmes Fussell to second
Runner from 3rd tries for Home, SAFE, throw by RF to home
Batting: RHB Ben Barry 0-0: Ball
1-0: Fly out, F7 (Flyball, 78S, EV 83.8 MPH)
Batting: RHB Yimaury Paz 0-0: Ball
1-0: Called Strike
1-1: Called Strike
1-2: Fly out, F9 (Flyball, 9, EV 87.5 MPH)
Top of the 4th over - 1 run, 2 hits, 0 errors, 2 left on base; Florence 1 - Yuma 0
BOTTOM OF THE 4TH
Yuma Gnomes batting - Pitching for Florence Swordfish : RHP Dylan Beamer
Batting: RHB Loren Reed 0-0: Ball
1-0: Ball
2-0: Foul Ball, location: 2F
2-1: Ball
3-1: Called Strike
3-2: Foul Ball, location: 2F
3-2: SOLO HOME RUN (Flyball, 78XD, EV 109.4 MPH), Distance : 419 ft
Batting: RHB Roman De Gama 0-0: Ball
1-0: Ground out 6-3 (Groundball, 6, EV 104.4 MPH)
Batting: RHB Donald Brooks 0-0: SINGLE (Groundball, 6MS, EV 70.0 MPH) (infield hit)
Batting: LHB Melchor Poblano 0-0: Ball
1-0: Fly out, F8 (Flyball, 89S, EV 94.4 MPH)
Batting: RHB Allen Thompson 0-0: Called Strike
0-1: Called Strike
0-2: Ball
1-2: Ground out 5-3 (Groundball, 5S, EV 74.4 MPH)
Bottom of the 4th over - 1 run, 2 hits, 0 errors, 1 left on base; Florence 1 - Yuma 1
TOP OF THE 5TH
Florence Swordfish batting - Pitching for Yuma Gnomes : RHP José Carlos Feliz
Batting: LHB Joaquin Lara 0-0: Ball
1-0: Swinging Strike
1-1: Ball
2-1: Foul Ball, location: 2F
2-2: Strikes out looking
Batting: RHB Andrew Honorable 0-0: Called Strike
0-1: Ball
1-1: Fly out, F7 (Flyball, 78D, EV 90.6 MPH)
Batting: RHB Michael Bryant 0-0: Ball
1-0: Ball
2-0: Swinging Strike
2-1: Swinging Strike
2-2: Foul Ball, location: 2F
2-2: Ground out 5-3 (Groundball, 56, EV 101.2 MPH)
Top of the 5th over - 0 runs, 0 hits, 0 errors, 0 left on base; Florence 1 - Yuma 1
BOTTOM OF THE 5TH
Yuma Gnomes batting - Pitching for Florence Swordfish : RHP Dylan Beamer
Batting: RHB Matt Gamble 0-0: Ground out 6-3 (Groundball, 56, EV 83.1 MPH)
Batting: RHB Jimar Rayford 0-0: Ball
1-0: Foul Ball, location: 2F
1-1: Foul Ball, location: 2F
1-2: Strikes out swinging
Batting: RHB Pablo Navarro 0-0: Ball
1-0: Ground out 5-3 (Groundball, 56, EV 96.2 MPH)
Bottom of the 5th over - 0 runs, 0 hits, 0 errors, 0 left on base; Florence 1 - Yuma 1
TOP OF THE 6TH
Florence Swordfish batting - Pitching for Yuma Gnomes : RHP José Carlos Feliz
Batting: RHB Roy Conklin 0-0: Ball
1-0: Swinging Strike
1-1: Foul Ball, location: 2F
1-2: Foul Ball, location: 2F
1-2: SINGLE (Line Drive, 9S, EV 95.0 MPH)
Batting: RHB Isaiah Ferullo 0-0: Called Strike
0-1: SINGLE (Groundball, 6MD, EV 106.2 MPH)
Roy Conklin to second
Batting: RHB Holmes Fussell 0-0: Called Strike
0-1: Ball
1-1: Fly out, F9 (Flyball, 9D, EV 93.8 MPH)
Runner from 2nd tags up, SAFE at 3rd with throw by RF
Batting: LHB Hunter Riddick 0-0: Ball
1-0: Swinging Strike
1-1: Called Strike
1-2: Ball
2-2: Strikes out swinging
Batting: RHB Ben Barry 0-0: Foul Ball, location: 2F
0-1: Ball
1-1: Hit by Pitch
Isaiah Ferullo to second
Batting: RHB Yimaury Paz 0-0: Called Strike
0-1: GRAND SLAM HOME RUN (Flyball, 7LD, EV 91.9 MPH), Distance : 351 ft
Pitching: LHP Tycho Guajardo
Batting: LHB Joaquin Lara 0-0: Swinging Strike
0-1: Ball
1-1: Fly out, F8 (Flyball, 8LD, EV 95.6 MPH)
Top of the 6th over - 4 runs, 3 hits, 0 errors, 0 left on base; Florence 5 - Yuma 1
BOTTOM OF THE 6TH
Yuma Gnomes batting - Pitching for Florence Swordfish : RHP Dylan Beamer
Batting: RHB Jason Marder 0-0: Called Strike
0-1: Ball
1-1: Ball
2-1: Swinging Strike
2-2: Foul Ball, location: 2F
2-2: Foul Ball, location: 2F
2-2: Fly out, F9 (Flyball, 9LS, EV 73.8 MPH)
Batting: RHB Loren Reed 0-0: Called Strike
0-1: Ball
1-1: Ball
2-1: Ball
3-1: Foul Ball, location: 2F
3-2: Ground out 5-3 (Groundball, 5, EV 100.6 MPH)
Batting: RHB Roman De Gama 0-0: Ball
1-0: SINGLE (Line Drive, 9S, EV 88.1 MPH)
Batting: RHB Donald Brooks 0-0: Called Strike
0-1: DOUBLE (Flyball, 89D, EV 106.2 MPH)
Roman De Gama to third
Batting: LHB Melchor Poblano 0-0: Ball
1-0: Ball
2-0: Ball
3-0: Base on Balls
Batting: RHB Allen Thompson 0-0: Fly out, F5 (Popup, 5SF, EV 76.9 MPH)
Bottom of the 6th over - 0 runs, 2 hits, 0 errors, 3 left on base; Florence 5 - Yuma 1
TOP OF THE 7TH
Florence Swordfish batting - Pitching for Yuma Gnomes : LHP Tycho Guajardo
Batting: RHB Andrew Honorable 0-0: Ball
1-0: Swinging Strike
1-1: Swinging Strike
1-2: Strikes out swinging
Batting: RHB Michael Bryant 0-0: Called Strike
0-1: Swinging Strike
0-2: Strikes out swinging
Batting: RHB Roy Conklin 0-0: Called Strike
0-1: Swinging Strike
0-2: Ball
1-2: Ball
2-2: Foul Ball, location: 2F
2-2: Ball
3-2: SOLO HOME RUN (Flyball, 7D, EV 103.1 MPH), Distance : 388 ft
Batting: RHB Isaiah Ferullo 0-0: Fly out, F8 (Flyball, 8RM, EV 86.9 MPH)
Top of the 7th over - 1 run, 1 hit, 0 errors, 0 left on base; Florence 6 - Yuma 1
BOTTOM OF THE 7TH
Yuma Gnomes batting - Pitching for Florence Swordfish : RHP Dylan Beamer
Batting: RHB Matt Gamble 0-0: Swinging Strike
0-1: Called Strike
0-2: Strikes out swinging
Pinch Hitting: RHB Yordeni Martínez 0-0: Ball
1-0: Foul Ball, location: 2F
1-1: Fly out, F9 (Flyball, 9LS, EV 85.0 MPH)
Batting: RHB Pablo Navarro 0-0: Ball
1-0: Ball
2-0: Called Strike
2-1: Swinging Strike
2-2: SINGLE (Groundball, 56D, EV 97.5 MPH)
Batting: RHB Jason Marder 0-0: Ball
1-0: Called Strike
1-1: Ball
2-1: Ball
3-1: 2-RUN HOME RUN (Line Drive, 78XD, EV 106.2 MPH), Distance : 424 ft
Batting: RHB Loren Reed 0-0: Called Strike
0-1: Called Strike
0-2: Ball
1-2: Fly out, F7 (Line Drive, 7, EV 93.1 MPH)
Bottom of the 7th over - 2 runs, 2 hits, 0 errors, 0 left on base; Florence 6 - Yuma 3
TOP OF THE 8TH
Florence Swordfish batting - Pitching for Yuma Gnomes : LHP Tycho Guajardo
Now at 1B: J.R. James
Batting: RHB Holmes Fussell 0-0: Ball
1-0: Fly out, F8 (Line Drive, 8RM, EV 98.1 MPH)
Batting: LHB Hunter Riddick 0-0: Called Strike
0-1: Called Strike
0-2: Ground out 4-3 (Groundball, 4, EV 86.2 MPH)
Batting: RHB Ben Barry 0-0: SOLO HOME RUN (Flyball, 7D, EV 95.6 MPH), Distance : 384 ft
Batting: RHB Yimaury Paz 0-0: Ball
1-0: Called Strike
1-1: Ground out 6-3 (Groundball, 56, EV 87.5 MPH)
Top of the 8th over - 1 run, 1 hit, 0 errors, 0 left on base; Florence 7 - Yuma 3
BOTTOM OF THE 8TH
Yuma Gnomes batting - Pitching for Florence Swordfish : RHP Dylan Beamer
Pinch Hitting: SHB Iván Carrillo 0-0: Ball
1-0: Called Strike
1-1: Swinging Strike
1-2: Foul Ball, location: 2F
1-2: Ball
2-2: Strikes out swinging
Pitching: RHP Aznaro Mejia
Batting: RHB Donald Brooks 0-0: Ball
1-0: Ball
2-0: Ball
3-0: Base on Balls
Batting: LHB Melchor Poblano 0-0: Foul Ball, location: 2F
0-1: Ball
1-1: SINGLE (Groundball, 34D, EV 97.5 MPH)
Donald Brooks to second
Runner from 2nd tries for 3rd, SAFE, no throw by RF
Pinch Hitting: RHB Alin Lewis 0-0: Ball
1-0: Called Strike
1-1: Fielders Choice at 2nd, 6-4 (Groundball, 6, EV 79.4 MPH)
Donald Brooks scores
Batting: RHB Matt Gamble 0-0: Ball
1-0: Ball
2-0: Ball
3-0: Called Strike
3-1: Swinging Strike
3-2: Ground out 4-3 (Groundball, 4, EV 103.1 MPH)
Bottom of the 8th over - 1 run, 1 hit, 0 errors, 1 left on base; Florence 7 - Yuma 4
TOP OF THE 9TH
Florence Swordfish batting - Pitching for Yuma Gnomes : LHP Tycho Guajardo
Now at 2B: Iván Carrillo
Now at SS: Alin Lewis
Batting: LHB Joaquin Lara 0-0: Fly out, F3 (Popup, 3SF, EV 70.6 MPH)
Batting: RHB Andrew Honorable 0-0: Ball
1-0: SINGLE (Line Drive, 6MD, EV 108.1 MPH)
Batting: RHB Michael Bryant 0-0: Called Strike
0-1: Swinging Strike
0-2: Ball
1-2: Ball
2-2: Foul Ball, location: 2F
2-2: Strikes out swinging
Batting: RHB Roy Conklin 0-0: Called Strike
0-1: Ball
1-1: Ground out 4-3 (Groundball, 34, EV 108.8 MPH)
Top of the 9th over - 0 runs, 1 hit, 0 errors, 1 left on base; Florence 7 - Yuma 4
BOTTOM OF THE 9TH
Yuma Gnomes batting - Pitching for Florence Swordfish : RHP Aznaro Mejia
Pitching: RHP Dennie Robertson
Pinch Hitting: LHB Steve Gonthier 0-0: Ball
1-0: Called Strike
1-1: Foul Ball, location: 2F
1-2: Strikes out swinging
Pinch Hitting: LHB Karim Almestica 0-0: Ball
1-0: Ball
2-0: Ball
3-0: Called Strike
3-1: Base on Balls
Batting: RHB Jason Marder 0-0: Ball
1-0: Ball
2-0: Ball
3-0: Foul Ball, location: 2F
3-1: Base on Balls
Karim Almestica to second
Batting: RHB Loren Reed 0-0: Swinging Strike
0-1: Swinging Strike
0-2: Ground out 6-3 (Groundball, P, EV 88.1 MPH)
Karim Almestica to third
Jason Marder to second
Batting: SHB Iván Carrillo 0-0: Called Strike
0-1: Foul Ball, location: 2F
0-2: Foul Ball, location: 2F
0-2: Ball
1-2: Foul Ball, location: 2F
1-2: Ball
2-2: Foul Ball, location: 2F
2-2: Ball
3-2: Fly out, F9 (Flyball, 9S, EV 89.4 MPH)
Bottom of the 9th over - 0 runs, 0 hits, 0 errors, 2 left on base; Florence 7 - Yuma 4
Friday, April 26th , 2024 - OOTP Baseball 24.11 Build 85